 Dungeon Crawl Stone Soup version 0.20-a0-1043-gbd57889 (webtiles) character file.

5 Dirtsage the Skirmisher (level 1, -1/18 HPs)
             Began as a Demonspawn Berserker on Apr 24, 2017.
             Was a Follower of Trog.
             Slain by a hobgoblin
             ... wielding a +0 club
              (5 damage)
             ... on level 1 of the Dungeon.
             The game lasted 00:00:19 (90 turns).

Dirtsage the Skirmisher (Demonspawn Berserker)        Turns: 90, Time: 00:00:20

Health: -1/18      AC:  2    Str: 17    XL:     1   Next: 66%
Magic:  1/1        EV: 12    Int:  8    God:    Trog [*.....]
Gold:   9          SH:  0    Dex: 12    Spells: 0/0 levels left

rFire    . . .     SeeInvis .   a - +0 falchion
rCold    . . .     Gourm    .   (no shield)
rNeg     . . .     Faith    .   b - +0 animal skin
rPois    .         Spirit   .   (no helmet)
rElec    .         Reflect  .   (no cloak)
rCorr    .         Harm     .   (no gloves)
MR       .....                  (no boots)
Stlth    +.........             (no amulet)
Regen    0.1/turn               (no ring)
MPRegen  0.1/turn               (no ring)

@: no status effects
A: no striking features
a: Berserk, Burn Spellbooks, Renounce Religion


You were on level 1 of the Dungeon.
You worshipped Trog.
Trog was aware of your devotion.
You were not hungry.

You visited 1 branch of the dungeon, and saw 1 of its levels.

You collected 9 gold pieces.

Inventory:

Hand Weapons
 a - a +0 falchion (weapon)
Armour
 b - a +0 animal skin (worn)
Scrolls
 d - a scroll of random uselessness {unknown}
Potions
 e - a potion of curing {unknown}
Comestibles
 c - a bread ration {@e1}
 f - 2 chunks of flesh {@w0}


   Skills:
 + Level 3.0 Fighting
 * Level 2.8 Long Blades
 + Level 1.8 Armour
 + Level 2.0 Dodging


You couldn't memorise any spells.
You didn't know any spells.

Dungeon Overview and Level Annotations

Branches:
Dungeon (1/15)

Altars:


Message History

Welcome, Dirtsage the Demonspawn Berserker.
Will you prevail where others failed? Will you find the Orb of Zot?
Trog says: Kill them all!
Found 9 gold pieces.
Found a staircase leading out of the dungeon.
You now have 9 gold pieces.
d - a scroll labeled SAKHLI LAOCK
Found a stone staircase leading down.
e - a smoky purple potion A leopard gecko comes into view.
The leopard gecko hisses angrily.
A frilled lizard and a kobold come into view.
The frilled lizard hisses angrily.
The kobold shouts!
The leopard gecko misses you.
You hit the leopard gecko. The leopard gecko barely misses you.
The leopard gecko bites you.
You take 3 damage, and have 15/18 hp.
You barely miss the leopard gecko. The leopard gecko closely misses you.
The kobold hits you with a whip.
You take 3 damage, and have 12/18 hp.
You hit the leopard gecko. The kobold barely misses you.
You riposte.
You hit the kobold but do no damage. The leopard gecko barely misses you.
You riposte.
You hit the leopard gecko.
You kill the leopard gecko!
Trog accepts your kill.
You miss the frilled lizard. The kobold hits you with a whip!
The frilled lizard misses you.
You riposte.
You hit the frilled lizard.
You kill the frilled lizard!
Trog accepts your kill.
You take 6 damage, and have 6/18 hp.
MASSIVE DAMAGE!!
You hit the kobold.
You kill the kobold!
Trog accepts your kill.
Things that are here:
a whip; 2 stones; a kobold corpse You see here a frilled lizard corpse.
You butcher the frilled lizard corpse.
f - a chunk of flesh {@w0} A rat comes into view.
You are too injured to fight recklessly!
You are too injured to fight recklessly!
Unknown command.
You hit the rat.
You kill the rat!
Trog accepts your kill.
You see here a rat corpse.
A bat comes into view.
The bat barely misses you.
You slash the bat!
You kill the bat!
Trog accepts your kill.
Your Dodging skill increases to level 2!
You see here a bat corpse.
You butcher the bat corpse.
f - 2 chunks of flesh {@w0} (gained 1)
You see here a bat skeleton.
You see here a bat skeleton.
A hobgoblin comes into view. It is wielding a club.
A hobgoblin is nearby!
You are too injured to fight recklessly!
You are too injured to fight recklessly!
The hobgoblin shouts!
A hobgoblin comes into view. It is wielding a club.
A kobold comes into view.
The hobgoblin shouts!
The kobold shouts!
The kobold moves out of view.
A dart slug comes into view.
You barely miss the hobgoblin. The hobgoblin hits you with a club.
* * * LOW HITPOINT WARNING * * *
You take 4 damage, and have 4/18 hp.
MASSIVE DAMAGE!!
You completely miss the hobgoblin. The hobgoblin hits you with a club.
You die...

############# #...........#
#.#.#######.#
####.#÷#######.###########
.........†..gg@...........#####
#####.......K##.###)...........
. #........##.###.......####.
... #........##.##.......## #.
.....#........##.##.......#####.
..............+.................
.....#........##.##...........#.
.......#...#####..............#.
#......#....#######.............


You could see 2 hobgoblins and a kobold.

Vanquished Creatures
  A leopard gecko (D:1)
  A bat (D:1)
  A frilled lizard (D:1)
  A kobold (D:1)
  A rat (D:1)
5 creatures vanquished.

Notes
Turn   | Place    | Note
-------+----------+-------------------------------------------
     0 | D:1      | Dirtsage the Demonspawn Berserker began the quest for the Orb.
     0 | D:1      | Reached XP level 1. HP: 18/18 MP: 1/1
    67 | D:1      | Reached skill level 2 in Dodging
    89 | D:1      | HP: 4/18 [hobgoblin/club (4)]
    90 | D:1      | Slain by a hobgoblin

Vault maps used:
D:1:      onia_arrival_pentagram, minmay_unequal

Skill      XL: |  1 |
---------------+----+-----
Dodging        | 2 |  2.0
Fighting       | |  3.0
Long Blades    | |  2.8
Armour         | |  1.8

Action                   || total
-------------------------++-------
Melee: Falchion          ||     9
Dodge: Dodged            ||     7
       Rpst.: Falchion   ||     3

Vault maps used:
D:1:      onia_arrival_pentagram, minmay_unequal

Table legend:
 A = Turns spent in this place as a percentage of turns spent in the entire game.
 B = Non-inter-level travel turns spent in this place as a percentage of non-inter-level travel turns spent in the entire game.
 C = Inter-level travel turns spent in this place as a percentage of turns spent in this place.
 D = Turns resting spent in this place as a percentage of non-inter-level travel turns spent in this place.
 E = Turns spent auto-exploring this place as a percentage of non-inter-level travel turns spent in this place.
 F = Non-inter-level travel turns spent in this place divided by the number of levels of this place that you've seen.
                   A       B       C       D       E      F
               +-------+-------+-------+-------+-------+----------------------
         Total | 100.0 | 100.0 |   0.0 |   0.0 |  11.4 |  44.0
       Dungeon | 100.0 | 100.0 |   0.0 |   0.0 |  11.4 |  44.0
               +-------+-------+-------+-------+-------+----------------------

Table legend:
 A = Kills in this place as a percentage of kills in entire the game.
 B = Kills by you in this place as a percentage of kills by you in the entire game.
 C = Kills by friends in this place as a percentage of kills by friends in the entire game.
 D = Other kills in this place as a percentage of other kills in the entire game.
 E = Experience gained in this place as a percentage of experience gained in the entire game.
 F = Experience gained in this place divided by the number of levels of this place that you have seen.
                   A       B       C       D       E      F
               +-------+-------+-------+-------+-------+----------------------
         Total | 100.0 | 100.0 |  -nan |  -nan | 100.0 |   8.0
       Dungeon | 100.0 | 100.0 |  -nan |  -nan | 100.0 |   8.0
               +-------+-------+-------+-------+-------+----------------------
